 Dungeon Crawl Stone Soup version 0.22-a0-374-g5dfd9e3 (webtiles) character file.

63 Falco the Gusty (level 4, -6/32 HPs)
             Began as a Gnoll Air Elementalist on Apr 26, 2018.
             Was an Initiate of Qazlal.
             Mangled by a killer bee (8 damage)
             ... on level 4 of the Dungeon.
             The game lasted 00:18:33 (1943 turns).

Falco the Gusty (Gnoll Air Elementalist)            Turns: 1943, Time: 00:18:34

Health: -6/32      AC:  3    Str:  9 (10) XL:     4   Next: 10%
Magic:  11/11      EV: 14    Int: 17 (19) God:    Qazlal [......]
Gold:   113        SH:  0    Dex: 12 (15) Spells: 0/13 levels left

rFire    . . .     SeeInvis .   c - +2 spear (pain)
rCold    . . .     Gourm    .   (no shield)
rNeg     . . .     Faith    .   a - +0 robe
rPois    .         Spirit   .   (no helmet)
rElec    .         Reflect  .   (no cloak)
rCorr    .         Harm     .   (no gloves)
MR       .....                  x - +0 pair of boots
Stlth    ++........             (no amulet)
HPRegen  0.10/turn              (no ring)
MPRegen  0.12/turn              (no ring)

@: lethally poisoned (-6 -> -16)
A: distributed training, fangs 1, strong nose
a: Renounce Religion


You were on level 4 of the Dungeon.
You worshipped Qazlal.
Qazlal was noncommittal.
You were not hungry.

You visited 1 branch of the dungeon, and saw 4 of its levels.

You collected 113 gold pieces.

Inventory:

Hand Weapons
 c - a +2 spear of pain (weapon)
 f - a +0 hand axe
 k - a +0 short sword
 o - a +0 mace
 r - a cursed -2 club
 t - a +0 short sword
 u - a +0 club
 v - a +0 hunting sling
Missiles
 l - 107 stones (quivered)
 m - 16 poisoned needles
 s - 39 bolts
Armour
 a - a +0 robe (worn)
 j - a +0 ring mail
 p - a +0 robe
 x - a +0 pair of boots (worn)
 y - a +0 chain mail
Scrolls
 b - a scroll of enchant weapon {unknown}
 d - 3 scrolls of teleportation
 e - a scroll of immolation {unknown}
 g - a scroll of fog {unknown}
 i - a scroll of blinking {unknown}
 n - a scroll of remove curse
 q - 4 scrolls of identify {unknown}
 w - a scroll of fear {unknown}


   Skills:
 + Level 1.0 Fighting
 + Level 1.0 Short Blades
 + Level 1.0 Long Blades
 + Level 1.0 Axes
 + Level 1.0 Maces & Flails
 + Level 1.0 Polearms
 + Level 1.0 Staves
 + Level 1.0 Slings
 + Level 1.0 Bows
 + Level 1.0 Crossbows
 + Level 1.0 Throwing
 + Level 1.0 Armour
 + Level 4.6 Dodging
 + Level 4.2 Stealth
 + Level 1.0 Shields
 + Level 1.0 Unarmed Combat
 + Level 5.0 Spellcasting
 + Level 2.2 Conjurations
 + Level 0.7 Hexes
 + Level 0.7 Charms
 + Level 0.7 Summonings
 + Level 0.7 Necromancy
 + Level 0.7 Translocations
 + Level 0.7 Transmutations
 + Level 0.7 Fire Magic
 + Level 0.7 Ice Magic
 + Level 5.4 Air Magic
 + Level 0.7 Earth Magic
 + Level 0.7 Poison Magic
 + Level 1.1 Invocations
 + Level 1.0 Evocations


You couldn't memorise any spells.
You knew the following spells:

 Your Spells              Type           Power        Failure   Level  Hunger
a - Shock                 Conj/Air       ###.         3%          1    None
b - Swiftness             Chrm/Air       ##......     6%          2    #......
c - Corona                Hex            #......      11%         1    None
d - Ensorcelled Hibernat  Hex/Ice        #.....       16%         2    #......
e - Static Discharge      Conj/Air       ###.....     9%          3    ###....
f - Confusing Touch       Hex            #.....       11%         1    None
g - Dazzling Spray        Conj/Hex       #.....       24%         3    ###....


Dungeon Overview and Level Annotations

Branches:
Dungeon (4/15)
 Temple: D:4-7

Altars:
Nemelex Xobeh
Qazlal

Annotations:
D:4 Edmund, Ijyb


Innate Abilities, Weirdness & Mutations

Your experience applies equally to all skills.
You have very sharp teeth.
Your uncanny sense of smell can sniff out nearby items.


Message History

The killer bee buzzes angrily.
You hit the killer bee.
The killer bee is moderately wounded.
The killer bee closely misses you. The adder closely misses you.
The killer bee stings you but does no damage.
The adder bites you but does no damage.
You miss the killer bee.
The killer bee is moderately wounded.
The killer bee barely misses you. The adder barely misses you.
The killer bee misses you. The killer bee stings you.
* * * LOW HITPOINT WARNING * * *
You puncture the killer bee!
The killer bee is severely wounded.
The killer bee misses you. The killer bee stings you!
* * * LOW HITPOINT WARNING * * *
You are lethally poisoned!
The killer bee poisons you! The killer bee barely misses you.
The adder bites you but does no damage. The killer bee misses you.
The killer bee stings you!
You die...

.##.####........
................
...#............
................
................
..............?.
........yy......
.......<@y......
........WS......
..........@....)
................
..######....g.##
# ####.....
..... .....


You could see Edmund, a phantom, Ijyb, 3 killer bees and an adder.

Vanquished Creatures
  3 adders (D:2)
  2 worms
  A dart slug (D:1)
  A leopard gecko (D:1)
  5 goblins
  4 hobgoblins (D:2)
  A quokka (D:2)
  2 bats (D:2)
  2 frilled lizards
  3 kobolds
  8 rats
32 creatures vanquished.

Notes
Turn   | Place    | Note
-------+----------+-------------------------------------------
     0 | D:1      | Falco the Gnoll Air Elementalist began the quest for the Orb.
     0 | D:1      | Reached XP level 1. HP: 13/13 MP: 6/6
   187 | D:1      | Reached XP level 2. HP: 16/19 MP: 4/7
   191 | D:1      | Learned a level 2 spell: Swiftness
   753 | D:2      | Learned a level 1 spell: Corona
   756 | D:2      | Learned a level 2 spell: Ensorcelled Hibernation
   968 | D:2      | Reached XP level 3. HP: 14/25 MP: 0/9
   974 | D:2      | Reached skill level 5 in Spellcasting
  1239 | D:2      | Found a stormy altar of Qazlal.
  1248 | D:2      | Became a worshipper of Qazlal Stormbringer
  1324 | D:2      | Found a sparkling altar of Nemelex Xobeh.
  1366 | D:2      | Reached skill level 1 in Invocations
  1394 | D:2      | HP: 1/25 [adder (4)]
  1399 | D:2      | Reached skill level 1 in Fighting
  1399 | D:2      | Reached skill level 1 in Short Blades
  1399 | D:2      | Reached skill level 1 in Long Blades
  1399 | D:2      | Reached skill level 1 in Axes
  1399 | D:2      | Reached skill level 1 in Maces & Flails
  1399 | D:2      | Reached skill level 1 in Polearms
  1399 | D:2      | Reached skill level 1 in Staves
  1399 | D:2      | Reached skill level 1 in Slings
  1399 | D:2      | Reached skill level 1 in Bows
  1399 | D:2      | Reached skill level 1 in Crossbows
  1399 | D:2      | Reached skill level 1 in Throwing
  1399 | D:2      | Reached skill level 1 in Armour
  1399 | D:2      | Reached skill level 1 in Shields
  1399 | D:2      | Reached skill level 1 in Unarmed Combat
  1399 | D:2      | Reached skill level 1 in Evocations
  1728 | D:3      | Reached XP level 4. HP: 32/32 MP: 11/11
  1833 | D:3      | Learned a level 3 spell: Static Discharge
  1835 | D:3      | Learned a level 1 spell: Confusing Touch
  1839 | D:3      | Learned a level 3 spell: Dazzling Spray
  1854 | D:3      | Noticed a phantom
  1938 | D:4      | Noticed Edmund
  1938 | D:4      | Noticed a phantom
  1940 | D:4      | Noticed Ijyb
  1943 | D:4      | Mangled by a killer bee

Vault maps used:
D:1:      nzn_arrival_water_spiral
D:2:      nicolae_overflow_crystal_walls, nemelex_xobeh_ov_fountains_minmay,
          st_stairs_7, kennysheep_generic_room_5
D:3:      gup_sewer_entry_glass, serial_bayou_lake_a, uniq_terence, uniq_robin,
          uniq_sigmund
D:4:      first_ration, serial_shops, shop, shop, nicolae_shop_stone,
          uniq_edmund, uniq_natasha, uniq_ijyb

Skill      XL: |  1  2  3 |
---------------+----------+-----
Conjurations   | 2 |  2.2
Spellcasting   | 5 |  5.0
Invocations    | 1 |  1.1
Fighting       | 1 |  1.0
Short Blades   | 1 |  1.0
Long Blades    | 1 |  1.0
Axes           | 1 |  1.0
Maces & Flails | 1 |  1.0
Polearms       | 1 |  1.0
Staves         | 1 |  1.0
Slings         | 1 |  1.0
Bows           | 1 |  1.0
Crossbows      | 1 |  1.0
Throwing       | 1 |  1.0
Armour         | 1 |  1.0
Shields        | 1 |  1.0
Unarmed Combat | 1 |  1.0
Evocations     | 1 |  1.0
Dodging        | |  4.6
Stealth        | |  4.2
Hexes          | |  0.7
Charms         | |  0.7
Summonings     | |  0.7
Necromancy     | |  0.7
Translocations | |  0.7
Transmutations | |  0.7
Fire Magic     | |  0.7
Ice Magic      | |  0.7
Air Magic      | |  5.4
Earth Magic    | |  0.7
Poison Magic   | |  0.7

Action                   |  1- 3 |  4- 6 || total
-------------------------+-------+-------++-------
Melee: Hand axe          |    19 |       ||    19
       Unarmed           |     1 |       ||     1
       Spear             |    31 |    34 ||    65
       Bite              |     3 |     2 ||     5
       Punch             |       |     1 ||     1
 Cast: Shock             |    30 |     2 ||    32
       Ensorcelled Hiber |     2 |       ||     2
       Swiftness         |       |     1 ||     1
       Dazzling Spray    |       |     1 ||     1
  Use: Potion            |     3 |     2 ||     5
       Scroll            |       |     2 ||     2
 Stab: Sleeping          |     7 |     1 ||     8
  Eat: Ration            |     1 |       ||     1
Armor: Robe              |     4 |     6 ||    10
       Ring mail         |       |     1 ||     1
Dodge: Dodged            |    43 |    17 ||    60

Table legend:
 A = Spawn XP
 B = Non-spawn XP
 C = Spawn XP percentage of total XP
 D = Spawn monster count
 E = Non-spawn monster count
 F = Spawn count percentage of total count
 G = Total turns spent on level
                    A         B        C        D         E        F      G
               +---------+---------+-------+---------+---------+-------+---------
         Total |       0 |      91 |   0.0 |       0 |      32 |   0.0 |  1943
               +---------+---------+-------+---------+---------+-------+---------
           D:1 |       0 |      14 |   0.0 |       0 |       7 |   0.0 |   688
           D:2 |       0 |      67 |   0.0 |       0 |      20 |   0.0 |  1021
           D:3 |       0 |      10 |   0.0 |       0 |       5 |   0.0 |   229
               +---------+---------+-------+---------+---------+-------+---------
